 Dungeon Crawl Stone Soup version 0.18-a0-1805-g8ab820f (webtiles) character file.

74 Zhenya25pyc the Skirmisher (level 4, -10/29 HPs)
             Began as a Gargoyle Fighter on Apr 26, 2016.
             Killed by nerve-wracking pain
             ... invoked by warlockg3's ghost
              (11 damage)
             ... on level 3 of the Dungeon on Apr 27, 2016.
             The game lasted 00:16:47 (1979 turns).

Zhenya25pyc the Skirmisher (Gargoyle Fighter)       Turns: 1979, Time: 00:16:49

Health: -10/29     AC: 15    Str: 21    XL:     4   Next: 30%
Magic:  4/4        EV:  4    Int:  8    God:
Gold:   118        SH:  9    Dex:  9    Spells: 0 memorised, 3 levels left

rFire  . . .     SeeInvis .     a - +0 flail
rCold  . . .     Gourm    .     g - +0 plate armour (curse)
rNeg   + . .     Faith    .     c - +0 shield
rPois  ∞         Spirit   .     (no helmet)
rElec  +         Dismiss  .     (no cloak)
rCorr  .         Reflect  .     (no gloves)
SustAt .         Harm     .     (no boots)
MR     .....                    (no amulet)
Stlth  ..........               (no ring)
                                (no ring)

@: not resistant to hostile enchantments, extremely unstealthy
A: negative energy resistance 1, electricity resistance, unbreathing,
petrification resistance, rot immunity, AC +3
a: no special abilities


You were on level 3 of the Dungeon.
You were not hungry.

You visited 1 branch of the dungeon, and saw 3 of its levels.

You collected 118 gold pieces.

Inventory:

Hand Weapons
 a - a +0 flail (weapon)
Armour
 c - a +0 shield (worn)
 g - a cursed +0 plate armour (worn)
Scrolls
 e - 2 scrolls of recharging {unknown}
 i - a scroll of magic mapping {unknown}
 k - a scroll of enchant weapon {unknown}
 l - 2 scrolls of remove curse {unknown}
Potions
 d - a potion of might
 h - a potion of heal wounds {unknown}
 j - a potion of berserk rage {unknown}
Comestibles
 b - 3 meat rations
 f - 2 bread rations
 m - a chunk of flesh


   Skills:
 + Level 4.1 Fighting
 * Level 2.6 Maces & Flails
 + Level 3.8 Armour
 + Level 3.9 Shields


You had 3 spell levels left.
You didn't know any spells.

Dungeon Overview and Level Annotations

Branches:
Dungeon (3/15)

Altars:
Gozag
Makhleb
Ru

Annotations:
D:3 warlockg3's ghost, amateur DsNe


Innate Abilities, Weirdness & Mutations

You are resistant to torment.
Your stone body is resilient (AC +3).
You are immune to poison.
You resist negative energy.
You are resistant to electric shocks.
You can survive without breathing.
You are immune to petrification.
You are immune to rotting.


Message History

You barely resist. You hit warlockg3's ghost.
Warlockg3's ghost is moderately damaged.
Warlockg3's ghost hits you.
Warlockg3's ghost points at you and mumbles some strange words.
Pain shoots through your body!
Your plate armour prevents you from hitting warlockg3's ghost.
Warlockg3's ghost is moderately damaged.
Warlockg3's ghost hits you.
You thump warlockg3's ghost!
Warlockg3's ghost is heavily damaged.
You block warlockg3's ghost's attack.
You hit warlockg3's ghost.
Warlockg3's ghost is severely damaged.
Warlockg3's ghost casts a spell at you. Pain shoots through your body!
* * * LOW HITPOINT WARNING * * *
Warlockg3's ghost casts a spell at you. Pain shoots through your body!
You die...

.. #.
#######
#.##.....##.
.)........>
#..........
#.<(.......
#..........
#..@W......
#>.........
#..........
##.........
##.....##.
#.##### #.#
#.#


You could see warlockg3's ghost.

Vanquished Creatures
  An adder (D:2)
  An ooze (D:1)
  3 worms (D:2)
  2 dart slugs (D:2)
  A giant gecko (D:2)
  A giant cockroach (D:2)
  6 goblins (D:1)
  4 hobgoblins
  3 jackals (D:2)
  2 ball pythons (D:2)
  6 bats
  4 giant newts
  7 kobolds
  6 rats
47 creatures vanquished.

Notes
Turn   | Place    | Note
--------------------------------------------------------------
     0 | D:1      | Zhenya25pyc the Gargoyle Fighter began the quest for the Orb.
     0 | D:1      | Reached XP level 1. HP: 14/14 MP: 1/1
   404 | D:1      | Reached XP level 2. HP: 10/19 MP: 2/2
  1035 | D:1      | Reached XP level 3. HP: 21/23 MP: 3/3
  1077 | D:2      | Found a sacrificial altar of Ru.
  1149 | D:2      | HP: 1/24 [dart slug/slug dart (3)]
  1520 | D:2      | Reached skill level 4 in Fighting
  1565 | D:2      | Found a burning altar of Makhleb.
  1592 | D:2      | Reached XP level 4. HP: 29/29 MP: 4/4
  1772 | D:2      | Found an opulent altar of Gozag.
  1952 | D:3      | Noticed warlockg3's ghost (amateur DsNe)
  1979 | D:3      | HP: 1/29 [warlockg3's ghost/nerve-wracking pain (10)]
  1979 | D:3      | Killed from afar by warlockg3's ghost

Vault maps used:
D:1:      minmay_arrival_widening_spiral_narrow, st_stairs_7,
          minmay_misc_feat_roman
D:2:      grunt_gozag_statues, old_standard_altar, lemuel_crystal_altar,
          first_bread
D:3:      portal_sewer_entry_e, lemuel_blue_sif_altar

Skill      XL: |  1  2  3 |
---------------+----------+-----
Fighting       | 4 |  4.1
Maces & Flails | |  2.6
Armour         | |  3.8
Shields        | |  3.9

Action                   |  1- 3 |  4- 6 || total
-------------------------+-------+-------++-------
Melee: Flail             |   184 |   104 ||   288
  Eat: Chunk             |     3 |     1 ||     4
Armor: Scale mail        |    14 |       ||    14
       Plate armour      |   131 |    70 ||   201
Dodge: Dodged            |    25 |    12 ||    37
Block: Shield            |   125 |    48 ||   173
